 Dungeon Sprint DCSS version 0.27.0-1-g7a089689b8 (webtiles) character file.

Game seed: 18116525273713013055

52 mainiacjoe the Skirmisher (level 3, -2/58 HPs)
             Began as a Minotaur Berserker on Aug 16, 2021.
             Was a Priest of Trog.
             Slain by a vampire (8 damage)
             ... in the Dungeon (Sprint IX: "|||||||||||||||||||||||||||||").
             The game lasted 00:01:33 (326 turns).

mainiacjoe the Skirmisher (Minotaur Berserker)       Turns: 326, Time: 00:01:34

Health: -2/58      AC:  9    Str: 22    XL:     3   Next: 60%
Magic:  2/2        EV:  8    Int:  4    God:    Trog [***...]
Gold:   0          SH:  0    Dex: 15    Spells: 2/2 levels left

rFire    . . .     SeeInvis .   k - +0 falchion
rCold    . . .     Faith    .   (no shield)
rNeg     . . .     Spirit   .   l - +1 chain mail
rPois    .         Reflect  .   (helmet restricted)
rElec    .         Harm     .   (no cloak)
rCorr    .         Rampage  .   (no gloves)
Will     ++...     NoTele   +   (no boots)
Stlth    ..........             (no amulet)
HPRegen  1.19/turn              m - +3 ring of dexterity
MPRegen  0.08/turn              n - +3 ring of dexterity

@: confused, berserking (expiring), strong-willed, regenerating, very quick
A: horns 2, retaliatory headbutt
a: Renounce Religion, Berserk, Trog's Hand


You were in the Dungeon.
You worshipped Trog.
Trog was most pleased with you.
You visited 1 branch

Inventory:

Hand Weapons
 a - a +2 scimitar of electrocution
 k - a +0 falchion (weapon)
Armour
 b - a +0 animal skin
 l - a +1 chain mail (worn)
Jewellery
 m - a +3 ring of dexterity (left hand)
 n - a +3 ring of dexterity (right hand)
Wands
 j - a wand of acid (10)
Scrolls
 h - 2 scrolls of blinking
Potions
 c - 5 potions of curing
 d - 3 potions of heal wounds
 e - a potion of haste
 f - 4 potions of magic
 g - a potion of berserk rage
 i - a potion of invisibility


   Skills:
 + Level 7.1 Fighting
 + Level 7.1 Long Blades
 - Level 2.4 Armour
 - Level 2.1 Dodging


You had 2 spell levels left.
You didn't know any spells.
Your spell library was empty.

Dungeon Overview and Level Annotations

Branches:
Dungeon (1/1)

Altars:
Cheibriados
Dithmenos
Elyvilon
Fedhas
Gozag
Hepliaklqana
Kikubaaqudgha
Makhleb
Nemelex Xobeh
Okawaru
Qazlal
Ru
Sif Muna
Trog
Uskayaw
Vehumet
Wu Jian
Xom
Yredelemnul
Zin
The Shining One
Beogh
Jiyva
Lugonu


Innate Abilities, Weirdness & Mutations

You have a pair of horns on your head.
You reflexively headbutt those who attack you in melee.


Message History

The howler monkey howls!
The vampire casts a spell.
The vampire flickers and vanishes!
Deactivating autopickup; reactivate with Ctrl-A.
Your skin crawls.
You feel strong-willed.
The howler monkey hoots and howls with incredible vigour!
You hear a shout!
A red film seems to cover your vision as you go berserk!
You feel yourself moving faster!
You feel mighty! Something hits you. Something bites you.
Something draws strength from your injuries!
Your chain mail prevents you from hitting something.
You headbutt something! Something hits you. Something bites you!
Something draws strength from your injuries!
You closely miss something.
The howler monkey hoots and howls with incredible vigour!
You miss something. Something hits you! Something bites you.
Something draws strength from your injuries!
You closely miss something. You headbutt something. Something hits you!
Something bites you but does no damage.
You closely miss something. You headbutt something! You closely miss something.
Your headbutt misses something.
The howler monkey hoots and howls with incredible vigour!
Something hits you!
* * * LOW HITPOINT WARNING * * *
Something bites you.
* * * LOW HITPOINT WARNING * * *
Something draws strength from your injuries!
You closely miss something. You hit something. Your headbutt misses something.
Something hits you but does no damage. Something bites you!
* * * LOW HITPOINT WARNING * * *
Something draws strength from your injuries!
You completely miss something.
You hear some strange, mumbled words.
You are confused.
You bump into the unnaturally hard rock wall.
You barely miss something. Something hits you!
You die... ▓▓▓▓▓▓▓▓▓▓▓▓▓▓▓▓▓▓▓▓▓▓▓▓ _______'.?).[[..@{YYToh. ▓▓▓▓▓▓▓▓▓▓▓▓▓▓▓▓▓▓▓▓▓▓▓▓

You could see 2 yaks, a troll, an orc warrior and a howler monkey.

Vanquished Creatures
  An iguana (D)
  2 adders (D)
  A bat (D)
  An endoplasm (D)
  A giant cockroach (D)
  A goblin (D)
  A jackal (D)
  A ball python (D)
  A ball python zombie (D)
10 creatures vanquished.

Notes
Turn   | Place    | Note
-------+----------+-------------------------------------------
     0 | D        | mainiacjoe the Minotaur Berserker began the quest for the
                  | Orb.
     0 | D        | Reached XP level 1. HP: 19/19 MP: 0/0
    16 | D        | Reached ** piety under Trog
   137 | D        | Noticed an iguana
   145 | D        | Reached skill level 5 in Fighting
   145 | D        | Reached skill level 5 in Long Blades
   145 | D        | Reached XP level 2. HP: 22/29 MP: 1/1
   145 | D        | Reached *** piety under Trog
   148 | D        | Reached XP level 3. HP: 30/39 MP: 2/2
   258 | D        | Found a snail-covered altar of Cheibriados.
   258 | D        | Found a shadowy altar of Dithmenos.
   258 | D        | Found a white marble altar of Elyvilon.
   258 | D        | Found a blossoming altar of Fedhas.
   258 | D        | Found an opulent altar of Gozag.
   259 | D        | Found a hazy altar of Hepliaklqana.
   260 | D        | Found a viscous altar of Jiyva.
   261 | D        | Found an ancient bone altar of Kikubaaqudgha.
   262 | D        | Found a corrupted altar of Lugonu.
   263 | D        | Found a burning altar of Makhleb.
   264 | D        | Found a sparkling altar of Nemelex Xobeh.
   265 | D        | Found an iron altar of Okawaru.
   266 | D        | Found a stormy altar of Qazlal.
   267 | D        | Found a sacrificial altar of Ru.
   268 | D        | Found a shimmering blue altar of Sif Muna.
   269 | D        | Found a bloodstained altar of Trog.
   270 | D        | Found a hide-covered altar of Uskayaw.
   271 | D        | Found a radiant altar of Vehumet.
   272 | D        | Found an ornate altar of the Wu Jian Council.
   273 | D        | Found a shimmering altar of Xom.
   274 | D        | Found a basalt altar of Yredelemnul.
   275 | D        | Found a glowing silver altar of Zin.
   276 | D        | Found a glowing golden altar of the Shining One.
   313 | D        | Noticed a vampire
   313 | D        | Noticed a yak
   313 | D        | Noticed a yak
   313 | D        | Noticed a troll
   313 | D        | Noticed an orc warrior
   326 | D        | Slain by a vampire

Illustrated notes

Levels and vault maps discovered:
D:        linesprint [early_d, line_temple, items_1, d_10, items_2, lair_1,
          lair_end, items_3, orc_1, orc_end, items_4, d_15, swamp_1, shoals_1,
          snake_1, spider_1, d_20, vaults_1, items_5, swamp_end, shoals_end,
          snake_end, spider_end, vaults_end, d_27, items_6, zot_1, zot_end,
          crypt_end, forest_end, elf_end, slime_end, tomb_end, abyss_end,
          pan_hell_end]

Skill      XL: |  1  2 |
---------------+-------+-----
Fighting       | 5 7 |  7.1
Long Blades    | 5 7 |  7.1
Armour         | |  2.4
Dodging        | |  2.1

Action                   || total
-------------------------++-------
Melee: Falchion          ||    35
       Headbutt          ||     5
Invok: Berserk           ||     3
       Trog's Hand       ||     1
Armor: Animal skin       ||    10
       Chain mail        ||     2
Dodge: Dodged            ||    18
       Rpst.: Falchion   ||     2
